Map: Catalisador LE

Players

IagoAbreu

  • Race: Protoss Protoss
  • Spawn Location: 5:00

I.A. 1 (Muito Difícil) - Winner!

  • Race: Terran Terran
  • Spawn Location: 11:00

VOD

Have the link to the VOD?

Description

Time

  • Played on: Jan. 3, 2018, 10:14 a.m.
  • Length: 9:13
Show
View Real Time Build Order
Export as new Build Order

IagoAbreu Protoss 

Build Orders:  

Get SALT Encoding   

  12  0:01  Probe (Chrono Boost)  
  13  0:11  Probe (Chrono Boost)  
  14  0:17  Probe  
  15  0:29  Pylon  
  15  0:42  Pylon  
  15  0:45  Pylon  
  15  1:08  Nexus  
  15  1:11  Probe (Chrono Boost)  
  16  1:22  Probe (Chrono Boost)  
  17  1:27  Forge, Probe (Chrono Boost)  
  18  1:39  Probe  
  19  1:51  Probe  
  20  2:01  Pylon  
  20  2:04  Pylon, Probe (Chrono Boost)  
  21  2:12  Pylon  
  21  2:15  Probe (Chrono Boost)  
  21  2:16  Pylon  
  22  2:24  Probe  
  23  2:32  Probe  
  23  2:36  Probe  
  25  2:44  Pylon  
  25  2:45  Probe  
  25  2:50  Photon Cannon  
  26  2:51  Photon Cannon  
  26  3:04  Probe (Chrono Boost)  
  28  3:07  Probe (Chrono Boost)  
  29  3:13  Probe (Chrono Boost)  
  29  3:16  Probe (Chrono Boost)  
  29  3:18  Photon Cannon  
  30  3:20  Photon Cannon  
  30  3:23  Photon Cannon  
  30  3:26  Photon Cannon  
  30  3:32  Photon Cannon  
  30  3:41  Probe (Chrono Boost)  
  32  3:48  Assimilator  
  32  3:50  Probe x2 (Chrono Boost)  
  32  3:52  Assimilator  
  32  3:55  Probe (Chrono Boost)  
  33  3:56  Probe  
  35  4:05  Photon Cannon  
  35  4:08  Probe  
  36  4:11  Pylon  
  36  4:15  Pylon  
  36  4:19  Pylon  
  36  4:20  Probe  
  37  4:25  Photon Cannon  
  37  4:27  Photon Cannon  
  37  4:30  Photon Cannon  
  37  4:42  Assimilator, Probe (Chrono Boost)  
  37  4:44  Assimilator  
  38  4:52  Probe (Chrono Boost)  
  40  4:54  Probe (Chrono Boost)  
  41  5:01  Probe x2 (Chrono Boost)  
  41  5:03  Nexus  
  41  5:06  Probe (Chrono Boost)  
  42  5:08  Probe  
  44  5:15  Nexus  
  44  5:17  Photon Cannon  
  44  5:21  Photon Cannon  
  44  5:33  Probe (Chrono Boost)  
  45  5:39  Probe (Chrono Boost)  
  46  5:44  Probe (Chrono Boost)  
  46  5:47  Probe (Chrono Boost)  
  48  5:50  Probe (Chrono Boost)  
  48  5:52  Probe (Chrono Boost)  
  50  5:58  Protoss Ground Weapons Level 1 (Chrono Boost)  
  50  6:00  Probe  
  50  6:04  Probe  
  52  6:12  Probe  
  52  6:16  Pylon, Probe  
  54  6:21  Pylon  
  54  6:23  Photon Cannon  
  54  6:28  Photon Cannon  
  54  6:31  Photon Cannon  
  54  6:33  Gateway  
  54  6:35  Gateway x2  
  54  6:36  Gateway  
  54  6:38  Gateway x2  
  54  6:41  Gateway  
  54  6:42  Gateway  
  54  6:44  Gateway  
  54  7:26  Cybernetics Core  
  54  7:37  Zealot x4  
  54  7:38  Zealot x5  
  72  7:47  Probe (Chrono Boost)  
  74  7:53  Probe (Chrono Boost)  
  74  7:58  Probe (Chrono Boost)  
  75  8:02  Probe (Chrono Boost)  
  75  8:04  Zealot x4  
  75  8:05  Zealot x5, Probe (Chrono Boost)  
  95  8:06  Probe (Chrono Boost)  
  96  8:13  Probe  
  96  8:14  Twilight Council  
  96  8:17  Probe  
  98  8:22  Stargate  
  98  8:23  Stargate  
  98  8:25  Stargate  
  98  8:26  Probe  
  99  8:28  Robotics Facility  
  99  8:29  Probe  
  100  8:35  Stalker  
  100  8:36  Stalker x6  
  100  8:37  Stalker  
Show
View Real Time Build Order
Export as new Build Order

I.A. 1 (Muito Difícil) Terran - Winner!

Build Orders: MMM Bio 

Get SALT Encoding   

  12  0:00  SCV  
  13  0:13  SCV  
  14  0:19  Supply Depot  
  14  0:25  SCV  
  15  0:40  SCV  
  15  0:42  Barracks  
  16  0:52  SCV  
  17  1:05  SCV  
  18  1:16  Supply Depot  
  18  1:17  SCV  
  19  1:22  Refinery  
  19  1:29  Marine, SCV  
  21  1:41  SCV  
  21  1:46  Marine  
  23  1:51  Barracks  
  23  1:53  SCV  
  24  1:56  Refinery  
  24  2:04  Marine, Supply Depot  
  24  2:05  Orbital Command  
  25  2:22  Marine  
  26  2:30  SCV  
  27  2:40  Marine  
  27  2:43  SCV  
  29  2:45  Command Center  
  29  3:03  SCV, Factory  
  29  3:05  Marine  
  31  3:08  Marine  
  32  3:15  SCV  
  33  3:23  Marine  
  33  3:26  Marine  
  35  3:27  SCV  
  36  3:37  Barracks  
  36  3:39  SCV  
  36  3:45  Barracks Tech Lab  
  36  3:48  Barracks Tech Lab  
  36  3:52  SCV  
  37  3:57  SCV  
  37  4:00  Factory Tech Lab, Starport  
  38  4:04  SCV  
  38  4:09  SCV  
  40  4:10  Marine  
  40  4:13  Marine  
  40  4:16  SCV  
  43  4:18  Stimpack  
  43  4:21  SCV  
  43  4:23  Combat Shields  
  44  4:28  SCV, Supply Depot  
  45  4:33  SCV  
  46  4:40  SCV  
  46  4:41  Marine  
  46  4:44  Marine  
  50  4:45  SCV  
  50  4:47  Marine  
  50  4:52  SCV  
  52  4:57  SCV, Supply Depot  
  52  5:01  Medivac  
  52  5:04  SCV  
  52  5:06  Marauder  
  57  5:10  Orbital Command  
  57  5:11  Marauder  
  59  5:28  Marauder  
  61  5:32  Marauder  
  63  5:36  Supply Depot  
  63  5:44  Barracks Reactor, Medivac  
  63  5:49  Marauder  
  67  5:50  Engineering Bay  
  67  5:53  Command Center, Marauder  
  69  6:10  Marine  
  70  6:12  Supply Depot  
  70  6:15  Marauder  
  70  6:18  Terran Infantry Weapons Level 1  
  72  6:25  Marine  
  73  6:28  Marauder  
  73  6:31  Concussive Shells  
  75  6:36  Marauder  
  75  6:39  Supply Depot  
  77  6:46  Engineering Bay  
  77  6:50  Marauder  
  79  6:57  Marauder  
  79  7:00  Barracks, Starport Reactor  
  81  7:05  SCV  
  81  7:06  SCV  
  81  7:08  SCV  
  84  7:11  Marauder  
  84  7:12  Terran Infantry Armor Level 1  
  86  7:19  Marauder  
  86  7:20  Orbital Command  
  88  7:23  Missile Turret  
  88  7:28  Missile Turret  
  88  7:30  Marine  
  88  7:32  Marine, Marauder  
  88  7:36  Medivac x2  
  96  7:40  Marine  
  96  7:41  Supply Depot  
  97  7:48  Marine  
  98  7:54  Marauder  
  98  7:58  Marauder  
  102  8:00  Refinery  
  102  8:06  Supply Depot  
  102  8:11  Refinery  
  102  8:15  Marauder  
  102  8:19  Command Center, Marauder  
  106  8:34  SCV  
  107  8:37  Marauder  
  107  8:41  Marauder  
  110  8:50  Supply Depot  
  110  8:51  Fusion Core  
  110  8:55  Marine  
Tags
 
Composition
MMM Bio
Matchup
PvT
Spawn Locations
Cross Positions
Add a new tag
Caveats
  • Supply blocks, unpowered buildings, or Contaminate may cause inaccurate times.
  • Supply counts are checked every 10 seconds.